cohdb
Replays
Latest Replays
All Replays
Popular Replays
Top Player Replays
Match Explorer
How It Works
Community
CoH3 Stats
Reddit
Sign in to upload your games and track your stats! →
Sign in with Steam
Match 34005250
Unlisted
Match 34005250
Overview
Messages
Build Orders
End
Kradschützen Motorcycle Team
Panzerpioneer Squad
Selects Italian Infantry
Panzerpioneer Squad
Panzerpioneer Squad
Construct Light Support Kompanie
2.5-tonne Medical Truck
Selects Guastatori Squad
Selects L6/40 Light Tank Combat Group
Panzerjäger Mechanized Group
Microsoft Office Excel
Microsoft Office Word
Protein
bobidog101
0
0
Comments
sign in to comment!
No comments posted yet!